 Dungeon Crawl Stone Soup version 0.31-a0-89-g637a80eef8 (webtiles) character file.

Game seed: 7182233476349927794

166666 Essalna the Scorcher (level 17, -3/108 HPs)
             Began as a Tengu Fire Elementalist on May 19, 2023.
             Was a High Priest of Vehumet.
             Shot with an arrow by a satyr (31 damage)
             ... on level 3 of the Shoals on May 25, 2023.
             The game lasted 01:10:39 (30918 turns).

Essalna the Scorcher (Tengu Fire Elementalist)     Turns: 30918, Time: 01:10:40

Health: -3/108     AC: 12    Str: 11    XL:     17   Next: 90%
Magic:  35/39      EV: 12    Int: 26    God:    Vehumet [*****.]
Gold:   1124       SH:  0    Dex: 22    Spells: 20/33 levels left

rFire   . . .        Y - +1 demon whip (venom)
rCold   . . .        n - +0 buckler
rNeg    . . .        Q - +0 troll leather armour
rPois   .            P - +1 hat
rElec   .            O - +0 cloak
rCorr   .            (no gloves)
SInv    .            (boots unavailable)
Will    +....        Z - amulet of regeneration
Stlth   ++           D - ring "Qongoawi" {*Corrode AC+4 Str+3 Int+7}
HPRegen 1.98/turn    W - ring of magical power
MPRegen 0.26/turn

%: corrode self (3%)
@: engulfed (cannot breathe), flying quickly and evasively, held, quick
A: beak, talons 3, nimble flight, agile 2, dopey 1, subdued magic 1
a: Renounce Religion


You were on level 3 of the Shoals.
You worshipped Vehumet.
Vehumet was extremely pleased with you.
You visited 4 branches of the dungeon, and saw 24 of its levels.
You also visited: Sewer and Ossuary.

You collected 2460 gold pieces.
You spent 1336 gold pieces at shops.

Inventory:

Hand Weapons
 Y - a +1 demon whip of venom (weapon)
Armour
 a - a +1 pair of gloves of hurling
 f - the +1 cloak of Somewhere Else {Regen+ Int-3 Dex+3}
   (You found it on level 11 of the Dungeon)

   Int:       It affects your intelligence (-3).
   Dex:       It affects your dexterity (+3).
   Regen:     It increases your rate of health regeneration.
 j - a +1 leather armour of fire resistance
 n - a +0 buckler (worn)
 O - a +0 cloak (worn)
 P - a +1 hat (worn)
 Q - a +0 troll leather armour (worn)
 S - a +2 robe of cold resistance
Magical Staves
 t - a staff of death
 y - a staff of air
Jewellery
 r - a +4 ring of protection
 v - a ring of resist corrosion
 D - the ring "Qongoawi" (left hand) {*Corrode AC+4 Str+3 Int+7}
   (You found it on level 11 of the Dungeon)

   [ring of protection]

   AC:        It affects your AC (+4).
   Str:       It affects your strength (+3).
   Int:       It affects your intelligence (+7).
   *Corrode:  It may corrode you when you take damage.
 I - a +6 ring of dexterity
 M - a +6 ring of intelligence
 R - a ring of ice
 T - a ring of fire
 U - a ring of protection from cold
 V - a ring of see invisible
 W - a ring of magical power (right hand)
 Z - an amulet of regeneration (around neck)
Wands
 p - a wand of iceblast (51)
 B - a wand of mindburst (7)
 C - a wand of acid (15)
Scrolls
 i - 5 scrolls of identify
 s - 12 scrolls of teleportation
 u - 4 scrolls of fog
 E - 5 scrolls of amnesia
 F - 3 scrolls of brand weapon
 G - 7 scrolls of fear
 H - 2 scrolls of magic mapping
 K - 2 scrolls of blinking
 N - 2 scrolls of enchant armour
 X - 4 scrolls of enchant weapon
Potions
 b - 2 potions of magic
 c - 7 potions of curing
 d - 2 potions of resistance
 e - 6 potions of berserk rage
 g - 3 potions of ambrosia
 h - 7 potions of degeneration
 k - 3 potions of lignification
 l - 3 potions of haste
 m - 6 potions of attraction
 o - 3 potions of heal wounds
 w - a potion of brilliance
 A - 7 potions of might
 J - a potion of cancellation
 L - a potion of enlightenment


   Skills:
 + Level 13.1 Fighting
 - Level 11.0 Armour
 - Level 11.0 Dodging
 - Level 2.0 Stealth
 + Level 0.6 Shields
 + Level 8.7 Spellcasting
 + Level 10.6 Conjurations
 + Level 17.2 Fire Magic
 + Level 16.0 Air Magic


You had 20 spell levels left.
You knew the following spells:

 Your Spells              Type           Power      Damage    Failure   Level
a - Foxfire               Conj/Fire      100%       2x1d9     0%          1
b - Plasma Beam           Fire/Air       31%        2x1d48    1%          6
c - Scorch                Fire           100%       2d9       0%          2
d - Flame Wave            Conj/Fire      57%        2d14      1%          4

Your spell library contained the following spells:

 Spells                   Type           Power      Damage    Failure   Level
 Orb of Destruction       Conj           25%        9d9       24%         7
 Kiss of Death            Conj/Necr      100%       2d13      1%          1
 Static Discharge         Conj/Air       100%       2-7/arc   1%          2
 Ignite Poison            Fire/Tmut/Pois 25%        N/A       1%          3
 Inner Flame              Hex/Fire       38%        N/A       1%          3
 Stone Arrow              Conj/Erth      50%        3d10      1%          3
 Vhi's Electric Charge    Tloc/Air       72%        N/A       1%          3
 Volatile Blastmotes      Fire/Tloc      76%        2d16      1%          3
 Starburst                Conj/Fire      28%        6d9       1%          6
 Sandblast                Erth           16%        2d6       2%          1
 Cigotuvi's Dreadful Rot  Necr/Pois/Air  48%        N/A       2%          2
 Freezing Cloud           Conj/Ice/Air   19%        6-21      3%          5
 Fulminant Prism          Conj/Hex       12%        3d8       4%          4
 Iskenderun's Mystic Bla  Conj/Tloc      25%        2d7       4%          4
 Summon Lightning Spire   Summ/Air       36%        N/A       4%          4
 Apportation              Tloc           16%        N/A       8%          1
 Necrotise                Necr           32%        1d5       8%          1
 Slow                     Hex            32%        N/A       8%          1
 Summon Small Mammal      Summ           32%        N/A       8%          1
 Passwall                 Tmut/Erth      3%         N/A       19%         2
 Call Canine Familiar     Summ           8%         N/A       24%         3
 Confusing Touch          Hex            8%         N/A       24%         3
 Gell's Gravitas          Tloc           8%         N/A       24%         3
 Teleport Other           Tloc           8%         N/A       24%         3
 Vampiric Draining        Necr           8%         2d6       24%         3
 Portal Projectile        Hex/Tloc       8%         N/A       36%         3
 Summon Guardian Golem    Hex/Summ       4%         N/A       36%         3
 Lee's Rapid Deconstruct  Erth           4%         3d5*      50%         5
 Animate Dead             Necr           8%         N/A       63%         4
 Cause Fear               Hex            4%         N/A       63%         4
 Dispel Undead            Necr           8%         3d8       63%         4
 Yara's Violent Unravell  Hex/Tmut       2%         3d3       65%         5
 Anguish                  Hex/Necr       2%         N/A       80%         4
 Leda's Liquefaction      Hex/Erth       2%         N/A       80%         4
 Agony                    Necr           8%         N/A       94%         5
 Alistair's Intoxication  Tmut/Pois      2%         N/A       98%         5
 Borgnjor's Vile Clutch   Necr/Erth      2%         N/A       98%         5
 Death Channel            Necr           4%         N/A       100%        6
 Dispersal                Tloc           4%         N/A       100%        6
 Enfeeble                 Hex            4%         N/A       100%        7
 Infestation              Necr           4%         N/A       100%        8
 Chain Lightning          Conj/Air       27%        3d36      100%        9
 Fire Storm               Conj/Fire      28%        8d7       100%        9


Dungeon Overview and Level Annotations

Branches:
Dungeon (15/15)            Temple (1/1) D:5            Lair (5/5) D:9
 Shoals (3/4) Lair:2        Snake (0/4) Lair:2        Slime (0/5) Lair:5
    Orc (0/2) D:9          Depths (0/4) D:15          Sewer (visited)
Ossuary (visited)
 Vaults: D:13-14

Altars:
Ashenzari
Cheibriados
Dithmenos
Elyvilon
Fedhas
Gozag
Hepliaklqana
Kikubaaqudgha
Makhleb
Nemelex Xobeh
Okawaru
Qazlal
Ru
Sif Muna
Trog
Uskayaw
Vehumet
Wu Jian
Xom
Yredelemnul
Zin
The Shining One
Jiyva

Shops:
D:4 :   D:6 *   D:7 :   D:8 (   D:14 !(*

Annotations:
D:14 2 transporters
Lair:2 blade888's ghost, journeyman MiFi
Shoals:2 3 runed translucent doors, blade888's ghost, adept MiFi
Shoals:3 Nikola


Innate Abilities, Weirdness & Mutations

You have a beak for a mouth.
You have claws for feet.
Your magical nature lets you fly swiftly and evasively.
You are very agile. (Dex +8, Str/Int -2)
You are dopey. (Int -2)
Your spells are a little easier to cast, but a little less powerful.


Message History

The water elemental is engulfed in a cloud of scalding steam.
The sea snake is engulfed in a cloud of scalding steam.
The sea snake bites you but does no damage.
The merfolk is engulfed in a cloud of scalding steam.
You feel better.
You are engulfed in a cloud of scalding steam.
The water elemental is engulfed in a cloud of scalding steam.
The merfolk is engulfed in a cloud of scalding steam.
The merfolk hits you from afar with a +0 spear!
The sea snake is engulfed in a cloud of scalding steam.
You kill the sea snake!
Vehumet accepts your kill.
You feel your power returning.
A merfolk comes into view. It is wielding a +0 spear.
The water elemental is engulfed in a cloud of scalding steam.
A satyr comes into view. It is wielding a +0 spear.
Your magical effects are unravelling.
You feel magically purged.
You are engulfed in a cloud of scalding steam.
You are no longer corroded.
The merfolk impaler is engulfed in a cloud of scalding steam.
The merfolk impaler closely misses you.
The satyr unwields a +0 spear.
The satyr wields a +1 longbow of freezing.
It is covered in frost.
The satyr shoots an arrow.
The arrow hits you! The arrow freezes you.
The merfolk is engulfed in a cloud of scalding steam.
The merfolk hits you from afar with a +0 spear!
* * * LOW HITPOINT WARNING * * *
The water elemental is engulfed in a cloud of scalding steam.
The water elemental hits you!
* * * LOW HITPOINT WARNING * * *
The water elemental engulfs you in water!
You feel much better.
You are engulfed in a cloud of scalding steam.
* * * LOW HITPOINT WARNING * * *
x2 Your lungs strain for air!
The merfolk impaler is engulfed in a cloud of scalding steam.
The merfolk impaler closely misses you.
The satyr shoots an arrow.
The arrow hits you!!
You die...

.....#...~~~..[
~≈~..c...~~~~.~
~~.....~§§.~~~.
~~....$....~~~~
~~~~..§.S§~~~~~
~~~~....)§.§~~~
~~~.~..E.§§..~~
~~~§§.§@....†~~
≈~~.~§~§§§###.~
~~~.§~§mm.#
~...§..§.m#
~~......~..
....(...~~..
..†.~...~~~..
..##..~..~~~.~


You could see a merfolk impaler, a satyr, a sea snake, 2 merfolk and a water
elemental.

Vanquished Creatures
  Frances (Shoals:1)
  A stone giant (D:15)
  A dire elephant (Lair:5)
  A merfolk impaler (Shoals:1)
  6 hydras
  Fannar (D:10)
  A rakshasa (D:14)
  2 catoblepae
  2 ogre magi (D:15)
  13 two-headed ogres
  4 boulder beetles
  8 centaur warriors
  A merfolk aquamancer (Shoals:1)
  16 death yaks
  A vampire mage (D:12)
  Urug (D:12)
  2 tengu warriors (D:15)
  4 skysharks
  Amaemon (Lair:2)
  5 skeletal warriors (D:14)
  A deep troll (D:15)
  4 sea snakes
  3 wizards
  2 lindwurms (Lair:5)
  4 harpies (Shoals:2)
  2 necromancers (D:15)
  An orc knight (D:15)
  An orc sorcerer (D:15)
  4 deep elf pyromancers
  7 ugly things
  5 cyclopes
  7 manticores
  4 fauns (Shoals:2)
  18 elephants
  2 merfolk sirens (Shoals:2)
  Joseph (D:10)
  A torpor snail (shapeshifter) (D:14)
  2 black mambas
  8 cane toads
  An orange demon (Lair:2)
  A torpor snail (Lair:2)
  2 water nymphs
  A gargoyle (D:14)
  2 unseen horrors
  2 rime drakes
  8 komodo dragons
  3 tengu conjurers
  A freezing wraith (D:11)
  A yaktaur (shapeshifter) (D:13)
  4 wind drakes
  A troll (shapeshifter) (D:13)
  2 trolls
  2 polar bears (Lair:2)
  5 merfolk
  2 hornets
  A snapping turtle (Shoals:2)
  14 blink frogs
  2 dream sheep (Lair:5)
  A centaur simulacrum (D:14)
  A shadow (D:13)
  2 wyverns
  7 vampires (D:12)
  A water elemental (Shoals:1)
  A wraith (D:10)
  58 yaks
  3 basilisks
  3 nagas (Lair:2)
  2 acid dragons
  11 water moccasins
  A black bear (D:6)
  An ice beast (D:6)
  2 sky beasts
  6 orc warriors
  12 wolves
  6 ogres
  15 centaurs
  2 phantoms
  10 kobold brigands
  2 elf zombies (Ossuary)
  9 bullfrogs
  5 scorpions
  18 wights
  6 howler monkeys
  An electric eel (Lair:5)
  A centaur zombie (Ossuary)
  8 jellies
  2 gnoll boudas
  2 human zombies (Ossuary)
  9 orc priests
  3 hounds
  3 iguanas
  Ijyb (D:3)
  16 orc wizards
  4 hell rats (Lair:1)
  3 mummies
  6 gnolls
  9 adders
  2 white imps
  An ufetubus (D:4)
  7 worms
  A dart slug (D:3)
  49 orcs
  5 ball pythons
  5 bats
  13 endoplasms
  6 giant cockroaches
  12 goblins
  4 hobgoblins
  5 jackals
  58 kobolds
  5 quokkas
  7 frilled lizards
  A goblin zombie (Ossuary)
  9 hobgoblin zombies (Ossuary)
  A jackal zombie (Ossuary)
  11 kobold zombies
  11 orc zombies
  6 rats
  A butterfly (Lair:5)
  3 foxfires (Lair:5)
680 creatures vanquished.

Vanquished Creatures (collateral kills)
  13 foxfires
13 creatures vanquished.

Vanquished Creatures (others)
  1433 foxfires
1433 creatures vanquished.

Grand Total: 2126 creatures vanquished

Notes
Turn   | Place    | Note
-------+----------+-------------------------------------------
     0 | D:1      | Essalna the Tengu Fire Elementalist began the quest for the
                  | Orb.
     0 | D:1      | Reached XP level 1. HP: 10/10 MP: 4/4
   222 | D:1      | Reached XP level 2. HP: 16/16 MP: 4/6
   412 | D:1      | Reached skill level 1 in Fighting
   506 | D:1      | Gained mutation: You are partially covered in iridescent
                  | scales. (AC +2) [potion of mutation]
   506 | D:1      | Gained mutation: Your muscles are strong. (Str +4, Int/Dex
                  | -1) [potion of mutation]
   812 | D:1      | Reached XP level 3. HP: 20/20 MP: 7/7
  1102 | D:2      | Found a faded altar of an unknown god.
  1239 | D:2      | Identified the +8 sling of Mistihug {drain, rF+ Dex+2}
  1730 | D:2      | Reached XP level 4. HP: 26/26 MP: 8/8
  2284 | D:2      | Reached skill level 4 in Fire Magic
  2323 | D:3      | Noticed Ijyb
  2503 | D:3      | Found a glowing drain.
  2514 | Sewer    | Entered a sewer
  2543 | Sewer    | Noticed a kobold brigand
  2543 | Sewer    | Noticed a kobold brigand
  2555 | Sewer    | Killed a kobold brigand
  2556 | Sewer    | Reached skill level 1 in Armour
  2556 | Sewer    | Gained mutation: Your magical nature lets you fly swiftly
                  | and evasively. [Tengu growth]
  2556 | Sewer    | Reached XP level 5. HP: 22/30 MP: 5/9
  2823 | Sewer    | Killed a kobold brigand
  2824 | Sewer    | Reached XP level 6. HP: 36/36 MP: 4/10
  3479 | D:3      | Killed Ijyb
  3606 | D:3      | Reached XP level 7. HP: 40/41 MP: 11/11
  3845 | D:3      | Found a glowing golden altar of the Shining One.
  3846 | D:3      | Found a hide-covered altar of Uskayaw.
  3994 | D:4      | Reached skill level 5 in Fire Magic
  3997 | D:4      | Identified a scroll of acquirement
  3997 | D:4      | Acquired 607 gold pieces
  4197 | D:4      | Found a sand-covered staircase.
  4205 | Ossuary  | Entered an ossuary
  4451 | Ossuary  | Reached skill level 5 in Conjurations
  4760 | Ossuary  | Reached XP level 8. HP: 26/48 MP: 12/12
  5234 | D:4      | Found an ornate altar of the Wu Jian Council.
  5254 | D:4      | Found Haasaxeogh's Book Boutique.
  5313 | D:4      | Bought the Almanac of the Burn and the Sixfirhy for 588
                  | gold pieces
  5322 | D:4      | Learned a level 6 spell: Plasma Beam
  5613 | D:5      | Entered Level 5 of the Dungeon
  5745 | D:5      | Reached skill level 1 in Air Magic
  5897 | D:5      | Reached skill level 5 in Dodging
  5897 | D:5      | Reached skill level 6 in Fire Magic
  6017 | D:5      | Found a staircase to the Ecumenical Temple.
  6034 | Temple   | Entered the Ecumenical Temple
  6243 | D:6      | Found an iron altar of Okawaru.
  6289 | D:6      | Found an opulent altar of Gozag.
  6289 | D:6      | Found Gozag's Platinum Reserve.
  6417 | D:6      | Reached XP level 9. HP: 52/52 MP: 3/13
  6691 | D:6      | Reached skill level 5 in Armour
  6758 | D:6      | Reached skill level 5 in Fighting
  7411 | D:7      | Found Ygasmef's Book Boutique.
  7697 | D:5      | Reached skill level 7 in Fire Magic
  8236 | D:5      | Found a bloodstained altar of Trog.
  8536 | D:7      | Found a snail-covered altar of Cheibriados.
  8694 | D:7      | Reached skill level 5 in Air Magic
  8725 | D:7      | Reached XP level 10. HP: 38/60 MP: 14/14
  8747 | D:7      | Learned a level 2 spell: Scorch
  8882 | D:7      | Learned a level 4 spell: Flame Wave
  9123 | D:7      | Found an ancient bone altar of Kikubaaqudgha.
  9135 | D:7      | Found a radiant altar of Vehumet.
  9144 | D:7      | Became a worshipper of Vehumet
  9164 | D:7      | Found a shimmering blue altar of Sif Muna.
  9413 | D:8      | Found a shimmering altar of Xom.
  9749 | D:8      | Reached skill level 8 in Fire Magic
  9842 | D:8      | Reached * piety under Vehumet
  9842 | D:8      | Offered knowledge of Shock by Vehumet.
 10255 | D:8      | Found Umidetz's Weapon Shoppe.
 11148 | D:9      | Found a staircase to the Lair.
 11429 | D:9      | Found a sparkling altar of Nemelex Xobeh.
 11566 | D:9      | Found a staircase to the Orcish Mines.
 11594 | D:10     | Entered Level 10 of the Dungeon
 11731 | D:10     | Noticed Fannar
 11782 | D:9      | Reached XP level 11. HP: 61/67 MP: 5/15
 11973 | D:9      | Reached ** piety under Vehumet
 11973 | D:9      | Offered knowledge of Searing Ray by Vehumet.
 12042 | D:9      | Found a broken altar of Ashenzari.
 12495 | D:10     | Found a hazy altar of Hepliaklqana.
 12549 | D:10     | Reached skill level 9 in Fire Magic
 12551 | D:10     | Noticed Joseph
 12605 | D:10     | Killed Joseph
 12979 | D:10     | Offered knowledge of Momentum Strike by Vehumet.
 13034 | D:10     | Killed Fannar
 13169 | D:10     | Got Omauhuda's Parchment of Overcast Thermatology
 14013 | D:11     | Noticed a centaur warrior
 14013 | D:11     | Noticed a cyclops
 14019 | D:11     | Killed a centaur warrior
 14022 | D:11     | Killed a cyclops
 14130 | D:11     | Noticed a cyclops
 14209 | Lair:1   | Entered Level 1 of the Lair of Beasts
 14217 | Lair:1   | Reached *** piety under Vehumet
 14498 | Lair:1   | Reached skill level 10 in Fire Magic
 14547 | Lair:1   | Reached XP level 12. HP: 75/75 MP: 13/16
 14776 | Lair:1   | Offered knowledge of Hailstorm by Vehumet.
 14962 | Lair:1   | Reached skill level 10 in Air Magic
 15379 | Lair:2   | Noticed a catoblepas
 15381 | Lair:2   | Noticed Amaemon
 15506 | Lair:2   | Reached skill level 10 in Dodging
 15666 | Lair:2   | Found a staircase to the Shoals.
 15689 | Lair:2   | Killed Amaemon
 15820 | Lair:2   | Found a runed translucent gate.
 15885 | Lair:2   | Noticed blade888's ghost (journeyman MiFi)
 15886 | Lair:2   | Noticed a death yak
 15888 | Lair:2   | Noticed a death yak
 15914 | Lair:2   | Killed a catoblepas
 15970 | Lair:2   | Reached skill level 10 in Armour
 16502 | Lair:2   | Reached skill level 11 in Fire Magic
 16564 | Lair:2   | Found a runed translucent gate.
 16564 | Lair:2   | Found a runed translucent gate.
 16757 | Lair:2   | Reached **** piety under Vehumet
 16839 | Lair:2   | Found a staircase to the Snake Pit.
 17142 | Lair:3   | Noticed a seven-headed hydra
 17145 | Lair:3   | Killed a seven-headed hydra
 17146 | Lair:3   | Reached XP level 13. HP: 80/80 MP: 13/17
 17356 | Lair:3   | Offered knowledge of Fireball by Vehumet.
 18031 | Lair:4   | Reached skill level 10 in Fighting
 19474 | Lair:5   | Entered Level 5 of the Lair of Beasts
 19497 | Lair:5   | Reached skill level 12 in Fire Magic
 19884 | Lair:5   | Reached ***** piety under Vehumet
 19884 | Lair:5   | Offered knowledge of Ozocubu's Refrigeration by Vehumet.
 20056 | Lair:5   | Reached XP level 14. HP: 85/88 MP: 5/22
 20219 | Lair:5   | Found a viscous altar of Jiyva.
 20221 | Lair:5   | Found a staircase to the Slime Pits.
 20262 | Lair:5   | Reached skill level 5 in Spellcasting
 21529 | Lair:5   | Reached skill level 13 in Fire Magic
 21677 | Lair:5   | Noticed a dire elephant
 21681 | Lair:5   | Killed a dire elephant
 22257 | D:9      | Upgraded the game from 0.31-a0-43-g46d131a48f to
                  | 0.31-a0-89-g637a80eef8
 22550 | D:11     | Identified the +1 cloak of Somewhere Else {Regen+ Int-3
                  | Dex+3}
 22894 | D:11     | Identified the +1 sling "Emairoy" {antimagic, rF- Str+7}
 23060 | D:11     | Identified the ring "Qongoawi" {*Corrode AC+4 Str+3 Int+7}
 23160 | D:11     | Reached skill level 14 in Fire Magic
 23160 | D:11     | Reached XP level 15. HP: 96/96 MP: 25/25
 23161 | D:11     | Reached skill level 16 in Fire Magic
 23161 | D:11     | Reached XP level 16. HP: 101/101 MP: 26/26
 23469 | D:11     | Lost mutation: Your muscles are strong. (Str +4, Int/Dex
                  | -1) [potion of mutation]
 23469 | D:11     | Lost mutation: You are partially covered in iridescent
                  | scales. (AC +2) [potion of mutation]
 23469 | D:11     | Gained mutation: You are partially covered in iridescent
                  | scales. (AC +2) [potion of mutation]
 23470 | D:11     | Lost mutation: You are partially covered in iridescent
                  | scales. (AC +2) [potion of mutation]
 23470 | D:11     | Gained mutation: You passively dampen the noise of your
                  | surroundings. [potion of mutation]
 23470 | D:11     | Gained mutation: You expend magic power (3 MP) to
                  | strengthen your wands. [potion of mutation]
 23471 | D:11     | Lost mutation: You passively dampen the noise of your
                  | surroundings. [potion of mutation]
 23471 | D:11     | Lost mutation: You expend magic power (3 MP) to strengthen
                  | your wands. [potion of mutation]
 23471 | D:11     | Gained mutation: Your flesh is cold resistant. (rC+)
                  | [potion of mutation]
 23471 | D:11     | Gained mutation: You do not regenerate when monsters are
                  | visible. [potion of mutation]
 23472 | D:11     | Lost mutation: Your flesh is cold resistant. (rC+) [potion
                  | of mutation]
 23472 | D:11     | Lost mutation: You do not regenerate when monsters are
                  | visible. [potion of mutation]
 23472 | D:11     | Gained mutation: You are agile. (Dex +4, Str/Int -1)
                  | [potion of mutation]
 23472 | D:11     | Gained mutation: Your spells are a little easier to cast,
                  | but a little less powerful. [potion of mutation]
 23472 | D:11     | Gained mutation: You are dopey. (Int -2) [potion of
                  | mutation]
 23472 | D:11     | Gained mutation: You are very agile. (Dex +8, Str/Int -2)
                  | [potion of mutation]
 23720 | D:12     | Offered knowledge of Arcjolt by Vehumet.
 23822 | D:12     | Noticed Urug
 23826 | D:12     | Killed Urug
 24464 | D:12     | Found a shadowy altar of Dithmenos.
 25007 | D:13     | Found a shadowy altar of Dithmenos.
 25839 | D:13     | Identified the +4 ring mail of the Villain {rElec Str-4
                  | Int+6 Dex-5}
 25874 | D:13     | Noticed a golden dragon
 25881 | D:14     | Reached XP level 17. HP: 106/106 MP: 23/28
 25989 | D:14     | Found a shimmering altar of Xom.
 26182 | D:14     | Found Picanef's Distillery.
 26233 | D:14     | Found Vumn's Weapon Emporium.
 26278 | D:14     | Found a transporter.
 26282 | D:14     | Found a transporter.
 27135 | D:14     | Found Omnauguj's General Store.
 27142 | D:14     | Bought the Information on the Massed Blaze for 748 gold
                  | pieces
 27368 | D:15     | Entered Level 15 of the Dungeon
 27373 | D:15     | Reached skill level 15 in Air Magic
 28201 | D:15     | Offered knowledge of Orb of Destruction by Vehumet.
 28556 | D:15     | Got the Guide on Gloom
 28584 | D:15     | Found a staircase to the Depths.
 29121 | Shoals:1 | Entered Level 1 of the Shoals
 29155 | Shoals:1 | Reached skill level 10 in Conjurations
 29155 | Shoals:1 | Reached skill level 17 in Fire Magic
 29264 | Shoals:1 | Found an ornate altar of the Wu Jian Council.
 29605 | Shoals:1 | Noticed Frances
 29610 | Shoals:1 | Killed Frances
 30860 | Shoals:2 | Found a runed translucent gate.
 30860 | Shoals:2 | Found a runed translucent gate.
 30860 | Shoals:2 | Found a runed translucent gate.
 30861 | Shoals:2 | Noticed blade888's ghost (adept MiFi)
 30904 | Shoals:3 | Noticed Nikola
 30918 | Shoals:3 | Shot with an arrow by a satyr

Illustrated notes

Levels and vault maps discovered:
D:1:      onia_arrival_mini_spirals, layout_loops_ring
D:2:      layout_basic, ebering_ecumenical_altar_webs, lexackson_kobold_supper
D:3:      layout_loops_cross, amethyst_overflow_temple_binary,
          gup_sewer_entry_bubbles, uniq_ijyb
D:4:      layout_basic, mainiacjoe_overflow_catwalk, nicolae_ossuary_entry_giza,
          serial_shops, shop
D:5:      layout_cave_pools, trog_butcher_becter,
          minmay_temple_entry_gardened_gates, minmay_circle_x
D:6:      layout_basic, mainiacjoe_overflow_small_starburst,
          nicolae_gozag_zags_fifth_avenue
D:7:      layout_basic, palyth_temple_overflow_mages, chei_slow_surprise,
          serial_shops, shop
D:8:      layout_loops_ring, dk_xom_monty_hall, serial_shops,
          nicolae_shop_window_shopping
D:9:      layout_basic, mainiacjoe_overflow_24_doors, lemuel_crystal_altar,
          lair_entry_dummy, david_orc_3, david_defended_altar_orc
D:10:     layout_gridville, general_overflow_altar, uniq_joseph, uniq_fannar
D:11:     minmay_tri_box, layout_irregular_city, small_chamber_with_monster,
          eino_small_chamber_without_monster
D:12:     layout_basic, nicolae_nh_vlads_tower, uniq_urug
D:13:     layout_stronghold, david_vaults_5, grunt_dithmenos_shadows
D:14:     layout_basic, xom_teletrap_fun, serial_shops, shop,
          nicolae_shop_rolling_square, nicolae_shop_industrial_runoff,
          gammafunk_ghost_mausoleum
D:15:     hangedman_depths_entry_civil_slaughter, layout_basic,
          patterned_corridor
Temple:   hellmonk_temple_micro_hex
Lair:1:   layout_roguey
Lair:2:   layout_gridlike, shoals_dummy_entry, nicolae_snake_entry_squirm,
          gammafunk_ghost_split, serial_bayou_shore_b, uniq_amaemon
Lair:3:   layout_concentric_octagons
Lair:4:   layout_roguey
Lair:5:   hangedman_lair_in_review, layout_concentric_octagons,
          nicolae_slime_entry_slimehenge, lemuel_fruit_fields,
          infiniplex_staircase_pool
Shoals:1: layout_shoals, lemuel_centaur_altar, uniq_frances
Shoals:2: layout_shoals, gammafunk_ghost_split
Shoals:3: cheibrodos_shoals_roost, layout_shoals, uniq_nikola

Skill      XL: |  1  2  3  4  5  6  7  8  9 10 11 12 13 14 15 16 17 |
---------------+----------------------------------------------------+-----
Conjurations   | 2 3 4 5 6 7 10 | 10.6
Fighting       | 1 2 3 4 5 7 8 9 10 11 12 13 | 13.1
Fire Magic     | 4 5 6 7 8 10 11 12 14 16 17 | 17.2
Armour         | 1 2 3 4 6 7 9 10 11 | 11.0
Dodging        | 3 4 5 6 8 9 10 11 | 11.0
Air Magic      | 2 5 7 9 11 12 14 16 | 16.0
Spellcasting   | 4 6 7 8 |  8.7
Stealth        | |  2.0
Shields        | |  0.6

Action                     |  1- 3 |  4- 6 |  7- 9 | 10-12 | 13-15 | 16-18 || total
---------------------------+-------+-------+-------+-------+-------+-------++-------
  Melee: Unarmed           |    11 |       |       |       |       |       ||    11
         Kick              |    11 |    12 |    57 |   111 |    50 |    42 ||   283
         Hand axe          |    34 |    41 |   168 |   303 |    30 |       ||   576
         Peck              |     3 |     5 |    33 |    73 |    36 |    33 ||   183
         Punch             |       |       |     3 |     6 |     3 |     2 ||    14
         Demon whip        |       |       |       |       |    67 |    82 ||   149
         Staff             |       |       |       |       |     5 |       ||     5
   Cast: Foxfire           |    60 |    69 |   302 |   267 |   148 |     4 ||   850
         Scorch            |       |       |       |    84 |     4 |     1 ||    89
         Flame Wave        |       |       |       |    26 |     9 |     4 ||    39
         Plasma Beam       |       |       |       |     7 |   105 |   198 ||   310
    Use: Scroll            |     1 |    12 |     3 |       |     9 |     4 ||    29
         Potion            |     1 |       |       |     2 |     4 |    11 ||    18
   Stab: Sleeping          |     3 |       |     6 |     3 |       |       ||    12
         Distracted        |       |       |       |       |     1 |       ||     1
 Armour: Robe              |    12 |       |       |       |       |       ||    12
         Leather armour    |     4 |    17 |    69 |    56 |       |       ||   146
         Troll leather arm |       |       |       |   122 |    62 |    31 ||   215
  Dodge: Dodged            |    31 |    38 |   151 |   452 |   200 |   224 ||  1096

Table legend: (Time is in decaauts)
 A = Elapsed time spent in this place.
 B = Non-inter-level travel time spent in this place.
 C = Inter-level travel time spent in this place.
 D = Time resting spent in this place.
 E = Time spent auto-exploring this place.
 F = Levels seen in this place.
 G = Mean time per level.
                   A        B        C        D        E       F      G
               +--------+--------+--------+--------+--------+-----+--------+
         Total |  29758 |  28284 |   1474 |   1069 |  22655 |  26 | 1144.5 |
       Dungeon |  18809 |  17828 |    981 |    572 |  14443 |  15 | 1253.9 |
        Temple |      1 |      1 |      0 |      0 |      0 |   1 |    1.0 |
          Lair |   7740 |   7262 |    478 |    397 |   5639 |   5 | 1548.0 |
        Shoals |   1707 |   1692 |     15 |    100 |   1365 |   3 |  569.0 |
         Sewer |    666 |    666 |      0 |      0 |    551 |   1 |  666.0 |
       Ossuary |    831 |    831 |      0 |      0 |    655 |   1 |  831.0 |
               +--------+--------+--------+--------+--------+-----+--------+

Top non-repeatable levels by time:
  Lair:5: 2328 daAuts
  Lair:2: 1792 daAuts
    D:10: 1604 daAuts
     D:9: 1485 daAuts
    D:14: 1476 daAuts
    D:11: 1423 daAuts
  Lair:3: 1373 daAuts
     D:8: 1319 daAuts
    D:15: 1315 daAuts
    D:13: 1283 daAuts
     D:2: 1277 daAuts
     D:7: 1251 daAuts
     D:6: 1232 daAuts
    D:12: 1218 daAuts
  Lair:1: 1216 daAuts
